 Dungeon Crawl Stone Soup version 0.23.1 (webtiles) character file.

Game seed: 0

79 Borgoz the Sneak (level 4, -6/35 HPs)
             Began as a Ghoul Enchanter on Mar 4, 2019.
             Mangled by a gnoll
             ... wielding a +0 spear
              (7 damage)
             ... on level 3 of the Dungeon.
             The game lasted 00:10:33 (2489 turns).

Borgoz the Sneak (Ghoul Enchanter)                  Turns: 2489, Time: 00:10:34

Health: -6/35      AC:  5    Str: 11    XL:     4   Next: 38%
Magic:  4/5        EV: 12    Int: 10    God:
Gold:   115        SH:  0    Dex: 10    Spells: 3/6 levels left

rFire    . . .     SeeInvis .   a - +1 dagger
rCold    + . .     Gourm    .   (no shield)
rNeg     + + +     Faith    .   j - +0 leather armour
rPois    ∞         Spirit   .   i - +0 helmet
rElec    .         Reflect  .   (no cloak)
rCorr    .         Harm     .   f - +0 pair of gloves
MR       .....                  (no boots)
Stlth    ++........             (no amulet)
HPRegen  0.00/turn              (no ring)
MPRegen  0.09/turn              (no ring)

@: about to teleport, very slightly contaminated, rotting
A: rotting body, claws 1, carnivore, cold resistance 1, negative energy
resistance 3, inhibited regeneration, torment resistance, unbreathing
a: no special abilities


You were on level 3 of the Dungeon.
You were not hungry.

You visited 1 branch of the dungeon, and saw 3 of its levels.

You collected 115 gold pieces.

Inventory:

Hand Weapons
 a - a +1 dagger (weapon)
 e - a +2 dagger of distortion
Armour
 f - a +0 pair of gloves (worn)
 i - a +0 helmet (worn)
 j - a +0 leather armour (worn)
Scrolls
 c - 4 scrolls of identify {unknown}
 h - a scroll of teleportation
 k - 7 scrolls of remove curse
 l - a scroll of noise {unknown}
Potions
 b - a potion of flight
 g - a potion of degeneration {unknown}
 m - a potion of mutation {unknown}
Comestibles
 d - 3 rations
 n - 2 chunks of flesh


   Skills:
 * Level 1.3 Fighting
 * Level 2.0 Short Blades
 + Level 1.1 Armour
 * Level 2.6 Dodging
 + Level 3.3 Stealth
 + Level 1.9 Spellcasting
 + Level 2.5 Hexes


You had 3 spell levels left.
You knew the following spells:

 Your Spells              Type           Power        Failure   Level  Hunger
a - Corona                Hex            #......      16%         1    ##.....
b - Ensorcelled Hibernat  Hex/Ice        #.....       36%         2    ###....

Your spell library contained the following spells:

 Spells                   Type           Power        Failure   Level  Hunger
 Confuse                  Hex            #.......     41%         3    ####...
 Tukima's Dance           Hex            #.......     41%         3    ####...
 Dazzling Spray           Conj/Hex       #.....       58%         3    ####...


Dungeon Overview and Level Annotations

Branches:
Dungeon (3/15)

Altars:
Dithmenos
Elyvilon
Hepliaklqana
Nemelex Xobeh
Okawaru


Innate Abilities, Weirdness & Mutations

Your body is rotting away.
You thrive on raw meat.
You are immune to poison.
You have sharp fingernails.
You are carnivorous and can eat meat at any time.
Your flesh is cold resistant. (rC+)
You are immune to negative energy. (rN+++)
You do not regenerate when monsters are visible.
You are immune to unholy pain and torment.
You can survive without breathing.


Message History

As you read the scroll labeled QAM BILAELUAJAEM, it crumbles to dust.
You feel strangely unstable.
It was a scroll of teleportation.
The gnoll hits you from afar with a +0 spear!
* * * LOW HITPOINT WARNING * * *
The gnoll closely misses you.
You hit the gnoll but do no damage.
The gnoll is moderately wounded.
The gnoll closely misses you. The gnoll barely misses you.
The gnoll hits you with a +0 flail.
* * * LOW HITPOINT WARNING * * *
You hit the gnoll but do no damage.
The gnoll is moderately wounded.
The gnoll hits you from afar with a +0 spear.
* * * LOW HITPOINT WARNING * * *
The gnoll barely misses you. The gnoll hits you but does no damage.
You closely miss the gnoll.
The gnoll is moderately wounded.
The gnoll misses you.
The gnoll hits you from afar with a +0 spear!
You die...

#########
........###
#..##.....##
#..##.#....########
...##.##...##.##@g#
##.#...#####...##g#
##...8.......8..#g#
...#...#####...##.#
...##.## ##.###.#
##.##.# #÷#
#.###### ##.##.#
#.# #...g..#
...##.# #.#
######g# .####.
##.## ##.##.#


You could see 3 gnolls.

Vanquished Creatures
  An adder (D:3)
  An ooze (D:1)
  3 worms
  A dart slug (D:1)
  3 leopard geckos
  A ball python (D:3)
  8 bats
  A giant cockroach (D:2)
  8 goblins
  6 hobgoblins
  6 kobolds
  A quokka (D:2)
  7 frilled lizards
  4 rats
51 creatures vanquished.

Notes
Turn   | Place    | Note
-------+----------+-------------------------------------------
     0 | D:1      | Borgoz the Ghoul Enchanter began the quest for the Orb.
     0 | D:1      | Reached XP level 1. HP: 14/14 MP: 2/2
    28 | D:1      | Reached skill level 1 in Short Blades
   152 | D:1      | Reached XP level 2. HP: 22/22 MP: 3/3
   506 | D:1      | HP: 1/22 [kobold/+0 short sword (2)]
   548 | D:1      | Reached XP level 3. HP: 24/27 MP: 4/4
   781 | D:1      | Reached skill level 1 in Fighting
   879 | D:1      | Learned a level 2 spell: Ensorcelled Hibernation
  1267 | D:2      | Reached skill level 1 in Armour
  1613 | D:2      | Reached XP level 4. HP: 35/35 MP: 0/5
  1721 | D:2      | Found a shadowy altar of Dithmenos.
  1721 | D:2      | Found a sparkling altar of Nemelex Xobeh.
  1810 | D:2      | Found an iron altar of Okawaru.
  1834 | D:2      | Found a faded altar of an unknown god.
  2113 | D:3      | Found a white marble altar of Elyvilon.
  2409 | D:3      | Found a hazy altar of Hepliaklqana.
  2488 | D:3      | HP: 1/35 [gnoll/+0 spear (2)]
  2489 | D:3      | Mangled by a gnoll

Skill      XL: |  1  2  3  4 |
---------------+-------------+-----
Short Blades   | 1 2 |  2.0
Dodging        | 2 |  2.6
Fighting       | 1 |  1.3
Armour         | 1 |  1.1
Stealth        | |  3.3
Spellcasting   | |  1.9
Hexes          | |  2.5

Action                   |  1- 3 |  4- 6 || total
-------------------------+-------+-------++-------
Melee: Dagger            |   178 |    80 ||   258
 Cast: Ensorcelled Hiber |     3 |     1 ||     4
  Use: Potion            |     4 |       ||     4
       Scroll            |     1 |     1 ||     2
 Stab: Sleeping          |     7 |     1 ||     8
  Eat: Chunk             |    14 |     3 ||    17
Armor: Robe              |    44 |       ||    44
       Leather armour    |     1 |    18 ||    19
Dodge: Dodged            |   121 |    51 ||   172
